 Dungeon Crawl Stone Soup version 0.20-a0-492-g6327889 (webtiles) character file.

7394 nikopol the Fighter (level 11, -6/106 HPs)
             Began as a Gargoyle Berserker on Jan 14, 2017.
             Was a High Priest of Trog.
             Killed from afar by a fire dragon (26 damage)
             ... with a blast of flame
             ... on level 9 of the Dungeon on Jan 15, 2017.
             The game lasted 00:23:15 (8795 turns).

nikopol the Fighter (Gargoyle Berserker)            Turns: 8795, Time: 00:23:16

Health: -6/106     AC: 22    Str: 27    XL:     11   Next: 14%
Magic:  11/11      EV: 14    Int:  8    God:    Trog [*****.]
Gold:   495        SH:  0    Dex: 11    Spells: 10/10 levels left

rFire    . . .     SeeInvis .   a - +5 great mace of the Endless March {freeze, MR+}
rCold    + . .     Gourm    .   x - +1 ring mail {rC+}
rNeg     + . .     Faith    .   (shield currently unavailable)
rPois    ∞         Spirit   .   (no helmet)
rElec    +         Reflect  .   A - +1 cloak
rCorr    .         Harm     .   h - +0 pair of gloves
MR       +....                  I - +2 pair of boots
Stlth    ..........             (no amulet)
Regen    0.2/turn               (no ring)
                                (no ring)

@: berserking (expiring), very quick
A: negative energy resistance 1, electricity resistance, unbreathing,
petrification resistance, rot immunity, AC +7
a: Berserk, Trog's Hand, Brothers in Arms, Burn Spellbooks, Renounce Religion


You were on level 9 of the Dungeon.
You worshipped Trog.
Trog was extremely pleased with you.
You were very hungry.

You visited 1 branch of the dungeon, and saw 9 of its levels.
You also visited: Sewer.

You collected 495 gold pieces.

Inventory:

Hand Weapons
 a - the +5 great mace of the Endless March (weapon) {freeze, MR+}
   (Trog gifted it to you on level 9 of the Dungeon)

   It has been specially enchanted to freeze those struck by it, causing extra
   injury to most foes and up to half again as much damage against particularly
   susceptible opponents.
   It can also slow down cold-blooded creatures.
   It affects your resistance to hostile enchantments.
 M - a +0 war axe of holy wrath
Missiles
 G - 49 arrows (quivered)
Armour
 h - a +0 pair of gloves (worn)
 r - a +0 pair of boots
 u - a cursed +0 plate armour
 x - a +1 ring mail of cold resistance (worn)
 A - a +1 cloak (worn)
 I - a +2 pair of boots (worn)
 K - a +3 plate armour
Wands
 b - a wand of digging (8/24)
 J - a wand of random effects (13/48)
Scrolls
 g - 13 scrolls of identify
 i - 7 scrolls of remove curse
 j - a scroll of recharging
 k - 3 scrolls of fog
 l - a scroll of enchant armour {unknown}
 n - a scroll of magic mapping
 p - 5 scrolls of teleportation {unknown}
 s - 5 scrolls of fear {unknown}
 t - 2 scrolls of enchant weapon {unknown}
 y - 2 scrolls of blinking {unknown}
 z - a scroll of immolation {unknown}
Potions
 d - 3 potions of haste
 e - 4 potions of agility
 f - 3 potions of ambrosia {unknown}
 m - a potion of heal wounds
 o - a potion of resistance
 q - 2 potions of might {unknown}
 v - a potion of lignification {unknown}
 w - 5 potions of flight {unknown}
 C - 2 potions of curing {unknown}
 H - a potion of berserk rage {unknown}
Comestibles
 c - 7 bread rations
 B - 3 meat rations
 D - 2 beef jerkies
 E - 7 slices of pizza
 F - 5 fruits
 L - 7 chunks of flesh


   Skills:
 + Level 9.2 Fighting
 - Level 9.0(9.3) Axes
 * Level 3.7(7.3) Maces & Flails
 + Level 8.8 Armour
 + Level 6.7 Dodging


You had 10 spell levels left.
You didn't know any spells.

Dungeon Overview and Level Annotations

Branches:
Dungeon (9/15)             Temple (0/1) D:5            Lair (0/6) D:9
    Orc (0/2) D:9

Altars:
Ashenzari
Gozag
Sif Muna
Zin

Annotations:
D:9 1 runed door


Innate Abilities, Weirdness & Mutations

You are resistant to torment.
Your stone body is resilient. (AC +7)
You are immune to poison.
You resist negative energy. (rN+)
You are resistant to electric shocks. (rElec)
You can survive without breathing.
You are immune to petrification.
You are immune to rotting.


Message History

The fire dragon completely misses you. The fire dragon barely misses you.
The fire dragon tramples you but does no damage.
You hit the ice dragon but do no damage.
The ice dragon is moderately wounded.
The ice dragon bites you.
* * * LOW HITPOINT WARNING * * *
The ice dragon claws you but does no damage.
The ice dragon tramples you but does no damage.
The fire dragon completely misses you.
The fire dragon claws you but does no damage.
The fire dragon tramples you but does no damage.
You bludgeon the ice dragon!! You freeze the ice dragon.
The ice dragon is severely wounded.
The ice dragon bites you!
* * * LOW HITPOINT WARNING * * *
The ice dragon claws you but does no damage.
The ice dragon tramples you but does no damage.
The fire dragon breathes flames at you. The blast of flame hits you!
You die...

####### #>....
########.# .#
#...÷....##.###...
#.#......D@....#
#.#..####D####.#
##.##.#≈≈#D...#.#
#..##.#≈≈#?.⌠.#.#
#.###.####....#.# #.#
#.#...[...#...
####.###.#....####..##
#......#.#.⌠..#≈≈#..#
#.##.#...#....


You could see a fire dragon and 2 ice dragons.

Vanquished Creatures
  A two-headed ogre (D:9)
  The ghost of anet the Infuser, a novice DEWz of Ashenzari (D:9)
  Pikel (D:6)
  Maurice (D:8)
  Prince Ribbit (D:9)
  A troll (D:9)
  The ghost of prestonbroadus the Slasher, an amateur BaGl of Gozag (D:5)
  Grinder (D:6)
  3 hippogriffs
  A wyvern (D:9)
  3 hogs (D:7)
  A yak (D:7)
  A human (D:7)
  2 porcupines (D:9)
  Duvessa (D:4)
  An ice beast (D:5)
  Purgy (Sewer)
  4 orc warriors
  A sky beast (D:6)
  2 slaves (D:6)
  An ogre (D:9)
  A big kobold (D:9)
  5 bullfrogs
  Dowan (D:4)
  A water moccasin zombie (D:9)
  3 scorpions
  3 wights (D:8)
  3 howler monkeys
  A centaur zombie (D:9)
  3 crimson imps
  A bullfrog zombie (D:8)
  2 centaur skeletons
  2 hounds
  A gnoll shaman (D:4)
  A jelly (D:9)
  4 orc priests
  4 orc wizards
  2 bullfrog skeletons
  4 iguanas
  Terence (D:3)
  7 worker ants
  A killer bee zombie (D:8)
  2 hound skeletons (D:5)
  2 worker ant zombies
  A howler monkey skeleton (D:4)
  19 adders
  4 gnolls (D:4)
  2 shadow imps (D:9)
  A white imp (D:5)
  An ooze (D:2)
  2 adder skeletons
  An adder zombie (D:6)
  A worm (D:2)
  2 dart slugs
  4 leopard geckos
  44 orcs
  6 giant cockroaches
  8 goblins
  5 hobgoblins
  4 jackals (D:5)
  5 quokkas
  4 ball pythons
  6 bats
  7 frilled lizards
  A jackal skeleton (D:4)
  5 kobolds
  10 rats
  12 fungi (D:9)
  18 plants (D:9)
258 creatures vanquished.

Vanquished Creatures (others)
  A bullfrog (D:6)
  3 orcs (D:6)
  3 fungi (D:9)
  A plant (D:9)
8 creatures vanquished.

Grand Total: 266 creatures vanquished

Notes
Turn   | Place    | Note
-------+----------+-------------------------------------------
     0 | D:1      | nikopol the Gargoyle Berserker began the quest for the Orb.
     0 | D:1      | Reached XP level 1. HP: 14/14 MP: 1/1
   219 | D:1      | Reached XP level 2. HP: 12/19 MP: 2/2
   673 | D:2      | Reached XP level 3. HP: 21/23 MP: 3/3
  1116 | D:2      | Reached ** piety under Trog
  1154 | D:2      | Upgraded the game from 0.20-a0-472-g5c05303 to 0.20-a0-492-g6327889
  1396 | D:2      | Reached XP level 4. HP: 24/29 MP: 4/4
  1968 | D:3      | Found a shattered altar of Ashenzari.
  2416 | D:3      | Noticed Terence
  2423 | D:3      | Killed Terence
  2423 | D:3      | Reached XP level 5. HP: 34/34 MP: 5/5
  2833 | D:4      | Noticed Dowan
  2837 | D:4      | Noticed Duvessa
  2852 | D:4      | Killed Duvessa
  2852 | D:4      | Reached XP level 6. HP: 25/39 MP: 6/6
  2852 | D:4      | Killed Dowan
  2996 | D:4      | Reached skill level 5 in Fighting
  3016 | D:4      | Reached *** piety under Trog
  3283 | D:4      | Reached XP level 7. HP: 30/44 MP: 7/7
  3902 | D:5      | Entered Level 5 of the Dungeon
  3902 | D:5      | Noticed prestonbroadus's ghost (amateur BaGl)
  3914 | D:5      | Killed prestonbroadus's ghost
  3914 | D:5      | Reached skill level 5 in Armour
  3914 | D:5      | Reached XP level 8. HP: 51/51 MP: 8/8
  4228 | D:5      | Found a staircase to the Ecumenical Temple.
  4274 | D:5      | Reached skill level 5 in Axes
  4297 | D:5      | Reached **** piety under Trog
  4760 | D:6      | Noticed Pikel
  4778 | D:6      | Killed Pikel
  4778 | D:6      | Reached skill level 5 in Dodging
  4778 | D:6      | Reached XP level 9. HP: 42/56 MP: 9/9
  4793 | D:6      | Found a glowing drain.
  4819 | Sewer    | Entered a sewer
  4867 | Sewer    | Noticed Purgy
  4892 | Sewer    | Killed Purgy
  5073 | D:6      | Found a shattered altar of Ashenzari.
  5122 | D:6      | Noticed Grinder
  5130 | D:6      | Paralysed by Grinder for 5 turns
  5138 | D:6      | Killed Grinder
  5474 | D:6      | Found a deep blue altar of Sif Muna.
  6325 | D:7      | Reached XP level 10. HP: 64/64 MP: 10/10
  6471 | D:8      | Found an opulent altar of Gozag.
  6472 | D:8      | Found a glowing silver altar of Zin.
  6829 | D:8      | Noticed Maurice
  6902 | D:8      | Killed Maurice
  7473 | D:9      | Noticed Prince Ribbit
  7565 | D:9      | Killed Prince Ribbit
  7565 | D:9      | Reached ***** piety under Trog
  8280 | D:9      | Found a staircase to the Lair.
  8640 | D:9      | Found a staircase to the Orcish Mines.
  8654 | D:9      | Received a gift from Trog
  8663 | D:9      | Got an ebony great mace {god gift}
  8664 | D:9      | Identified the +5 great mace of the Endless March {freeze, MR+} (Trog gifted it to you on level 9 of the Dungeon)
  8672 | D:9      | Noticed a two-headed ogre
  8672 | D:9      | Noticed anet's ghost (novice DEWz)
  8681 | D:9      | Killed a two-headed ogre
  8684 | D:9      | Reached XP level 11. HP: 64/71 MP: 11/11
  8705 | D:9      | Killed anet's ghost
  8757 | D:9      | Found a runed door.
  8757 | D:9      | Noticed a fire dragon
  8758 | D:9      | Noticed an ice dragon
  8759 | D:9      | Noticed an ice dragon
  8770 | D:9      | Noticed a fire dragon
  8771 | D:9      | Found a runed door.
  8795 | D:9      | Killed from afar by a fire dragon

Vault maps used:
D:1:      scummos_arrival_checkerplants
D:3:      serial_forest, infiniplex_forest_clump_medium,
          infiniplex_forest_straight_3, infiniplex_forest_fountain,
          infiniplex_forest_straight_4, infiniplex_forest_lined_room_,
          infiniplex_forest_clump_large, nicolae_ashenzari_panopticon,
          uniq_terence
D:4:      first_bread, minivault_4, uniq_duvessa
D:5:      minmay_fire_ice_demons
D:6:      lemuel_doored_altar, gup_sewer_entry_glass, led_sif_pool,
          uniq_grinder, uniq_pikel
D:7:      grunt_livestock
D:8:      grunt_temple_overflow_gold_and_silver, uniq_maurice
D:9:      grunt_lair_entry_orc_guard_hut, orc_0_dummy,
          minmay_guarded_unrand_resistance, uniq_prince_ribbit1
Sewer:    sewer_co_purgy_island

Skill      XL: |  1  2  3  4  5  6  7  8  9 10 11 |
---------------+----------------------------------+-----
Dodging        | 2 3 4 5 6 |  6.7
Axes           | 3 4 6 7 9 |  9.0
Fighting       | 4 5 6 7 9 |  9.2
Armour         | 3 4 5 6 7 8 |  8.8
Maces & Flails | 2 3 |  3.7

Action                   |  1- 3 |  4- 6 |  7- 9 | 10-12 || total
-------------------------+-------+-------+-------+-------++-------
Melee: Hand axe          |   135 |    86 |       |       ||   221
       War axe           |       |    78 |   392 |   423 ||   893
       Great mace        |       |       |       |    48 ||    48
Invok: Berserk           |       |     1 |     5 |     4 ||    10
       Burn Spellbooks   |       |       |     1 |       ||     1
  Use: Scroll            |       |       |     6 |       ||     6
  Eat: Chunk             |     2 |     7 |     8 |    13 ||    30
       Meat ration       |       |       |     1 |       ||     1
Armor: Animal skin       |    34 |       |       |       ||    34
       Ring mail         |    24 |   103 |   218 |   171 ||   516
Dodge: Dodged            |    86 |   101 |   284 |   163 ||   634
